 Dungeon Crawl Stone Soup version 0.14-a0-1773-ge500af7 (webtiles) character file.

79 Kae the Chiller (level 3, 0/28 HPs)
             Began as a Naga Ice Elementalist on Jan 6, 2014.
             Slain by an adder (2 damage)
             ... on Level 2 of the Dungeon.
             The game lasted 00:01:44 (1719 turns).

Kae the Chiller (Naga Ice Elementalist)             Turns: 1719, Time: 00:01:44

HP   0/28        AC  2     Str 10      XL: 3   Next: 16%
MP   0/6         EV 15     Int 16      God:
Gold 50          SH  0     Dex 16      Spells:  2 memorised,  3 levels left

rFire  . . .     SeeInvis +     (no weapon)
rCold  . . .     Clarity  .     a - +0 robe
rNeg   . . .     Conserve .     (no shield)
rPois  +         rCorr    .     (no helmet)
rElec  .         rRot     .     (no cloak)
SustAb . .       Spirit   .     (no gloves)
rMut   .         Warding  .     (no barding)
Saprov . . .     Stasis   .     (no amulet)
                                (no ring)
                                (no ring)

@: invisible, agile, very slightly contaminated, very slow, slightly resistant
to hostile enchantments, quite stealthy
A: spit poison, see invisible, deformed body, poison resistance, slowness 2, AC
+1
a: Spit Poison


You were on level 2 of the Dungeon.
You were near starving.

You visited 1 branch of the dungeon, and saw 2 of its levels.

You collected 50 gold pieces.

Inventory:

Armour
 a - a +0 robe (worn)
Comestibles
 c - a bread ration
 i - an apple
Scrolls
 d - 3 scrolls of identify {unknown}
 h - 2 scrolls of immolation {unknown}
Books
 b - a book of Frost

   Spells                             Type                      Level
   *Freeze                            Ice                          1
   *Throw Frost                       Conjuration/Ice              2
   Ozocubu's Armour                   Charms/Ice                   3
   Throw Icicle                       Conjuration/Ice              4
   Summon Ice Beast                   Ice/Summoning                4
   Condensation Shield                Ice                          4


   Skills:
 - Level 1.5 Dodging
 - Level 3.0 Stealth
 + Level 2.3 Spellcasting
 + Level 1.4 Conjurations
 * Level 3.7 Ice Magic


You had 3 spell levels left.
You knew the following spells:

 Your Spells              Type           Power        Failure   Level  Hunger
a - Freeze                Ice            ##..         6%          1    #......
b - Throw Frost           Conj/Ice       ##....       12%         2    ##.....


Dungeon Overview and Level Annotations

Branches:
Dungeon (2/16)

Altars:


Innate Abilities, Weirdness & Mutations

You cannot wear boots.
You can spit poison.
Your serpentine skin is tough (AC +1).
You have supernaturally acute eyesight.
Armour fits poorly on your strangely shaped body.
Your system is resistant to poisons.
You cover ground very slowly.


Message History

You fade into invisibility!
It was a potion of invisibility.
The adder barely misses you.
Drink which item? (? for menu, Esc to quit)
You feel agile all of a sudden.
It was a potion of agility.
The adder closely misses you.
Drink which item? (? for menu, Esc to quit)
You feel refreshed.
It was a potion of restore abilities.
The adder completely misses you. The adder barely misses you.
There are monsters nearby!
You barely miss the adder.
The adder is lightly wounded.
The adder misses you.
You hit the adder but do no damage.
The adder is lightly wounded.
The adder bites you but does no damage.
You catch the helpless adder completely off-guard!
You hit the adder but do no damage.
The adder is lightly wounded.
The adder bites you.
You die...

#.##.# #.#>.. ##.#..###
####### ...#....# ......
...#....# #.#.. .......###.#
#... ...#.....(.# #..
)#.#.#.#####.# #.#
.#...........# #@# ##..
.###.#.####### #S# .....
...........###.#h# ......
.###.#.........#h# ..b.... .#
#.#####.#####.# ....... ..
....#.....#.#.# .......
####.#.#.#...#.#'####........
#.#.#.#####......S........
#.#.#.#........###..w.....


You could see an adder and 2 jackals.

Vanquished Creatures
  An adder (D:2)
  A worm (D:2)
  An ooze (D:1)
  A ball python (D:1)
  A giant cockroach (D:1)
  A goblin (D:1)
  A hobgoblin (D:2)
  2 jackals (D:2)
  2 bats
  2 kobolds (D:1)
  A rat (D:1)
14 creatures vanquished.

Notes
Turn   | Place    | Note
--------------------------------------------------------------
     0 | D:1      | Kae, the Naga Ice Elementalist, began the quest for the Orb.
     0 | D:1      | Reached XP level 1. HP: 15/15 MP: 3/3
   711 | D:1      | Reached XP level 2. HP: 20/22 MP: 2/4
   715 | D:1      | Learned a level 2 spell: Throw Frost
  1310 | D:2      | Reached XP level 3. HP: 6/28 MP: 0/6
  1719 | D:2      | Slain by an adder

Action                   || total
-------------------------++-------
Melee: Unarmed           ||    27
 Cast: Freeze            ||    34
       Throw Frost       ||     1
  Use: Potion            ||     3
 Stab: Invisible         ||     1
